 Dungeon Crawl Stone Soup version 0.19.5 (webtiles) character file.

244 tricornhat the Cudgeler (level 5, -1/42 HPs)
             Began as a Demonspawn Berserker on Mar 20, 2017.
             Was a Believer of Trog.
             Succumbed to Sigmund's poison
             ... on level 2 of the Dungeon.
             The game lasted 00:10:10 (2083 turns).

tricornhat the Cudgeler (Demonspawn Berserker)      Turns: 2083, Time: 00:10:12

Health: -1/42      AC:  7    Str: 23    XL:     5   Next: 83%
Magic:  5/5        EV: 10    Int:  9    God:    Trog [**....]
Gold:   64         SH:  0    Dex: 12    Spells: 0 memorised, 4 levels left

rFire  . . .     SeeInvis .     c - +3 mace (drain)
rCold  . . .     Gourm    .     l - +0 scale mail
rNeg   . . .     Faith    .     (no shield)
rPois  .         Spirit   .     (helmet restricted)
rElec  .         Reflect  .     (no cloak)
rCorr  .         Harm     .     j - +0 pair of gloves (curse)
MR     .....                    (no boots)
Stlth  ..........               (no amulet)
                                (no ring)
                                (no ring)

@: mighty, lethally poisoned (-1 -> -11), exhausted, flying, slowed, very slow
A: horns 2, powered by pain 2
a: Berserk, Trog's Hand, Burn Spellbooks, Renounce Religion


You were on level 2 of the Dungeon.
You worshipped Trog.
Trog was pleased with you.
You were not hungry.

You visited 1 branch of the dungeon, and saw 2 of its levels.

You collected 64 gold pieces.

Inventory:

Hand Weapons
 a - a +0 mace
 c - a +3 mace of draining (weapon)
Armour
 b - a +0 animal skin
 j - a cursed +0 pair of gloves (worn)
 l - a +0 scale mail (worn)
Jewellery
 h - an uncursed ring of resist corrosion {unknown}
Scrolls
 d - a scroll of blinking {unknown}
 e - a scroll of teleportation {unknown}
 k - a scroll of fog {unknown}
 n - a scroll of identify {unknown}
Potions
 g - a potion of might
Comestibles
 i - a beef jerky


   Skills:
 + Level 4.1 Fighting
 * Level 5.3 Maces & Flails
 + Level 2.0 Armour
 - Level 1.8 Dodging


You had 4 spell levels left.
You didn't know any spells.

Dungeon Overview and Level Annotations

Branches:
Dungeon (2/15)

Altars:
Cheibriados
Gozag


Innate Abilities, Weirdness & Mutations

You have a pair of horns on your head.
You sometimes gain power by taking damage.


Message History

* * * LOW HITPOINT WARNING * * *
You feel sick.
You are too berserk!
Unknown command.
You feel your anger subside.
You are no longer berserk.
You are exhausted.
You feel yourself slow down.
* * * LOW HITPOINT WARNING * * *
You feel sick.
It was a potion of cure mutation.
It has a very clean taste.
* * * LOW HITPOINT WARNING * * *
You feel sick.
It was a potion of might.
You feel very mighty all of a sudden.
* * * LOW HITPOINT WARNING * * *
You feel sick.
It was a potion of flight.
You feel very buoyant.
You fly up into the air.
You die...

##.##### ..#....#.#.###..
.......### ..#.#.##.#.# #..
).<......# ##...... ..#.# #..
.###.#.#.# #.....## ###.# #.. .#
#.#.#.## #.....# #.# #..
.###...... ......# ##.# #..
.........#######.....#####.(###..
.##..............................
####.....######.@###.#####..####.
# ##....# #.#)# #.......
######.#.# #....# #.#####.
.......#.# #..### #.# #[
########.# #..# ####.#####. # #.#
#..# #..........
##########################.).....
......#....................######
#######..#...#...#...#...#.#


There were no monsters in sight!

Vanquished Creatures
  Sigmund (D:2)
  Ijyb (D:2)
  Terence (D:2)
  A worm (D:2)
  A dart slug (D:1)
  2 leopard geckos
  A giant cockroach (D:1)
  3 hobgoblins (D:1)
  2 jackals (D:1)
  4 kobolds
  4 bats
  4 frilled lizards
  6 goblins
  A rat (D:1)
32 creatures vanquished.

Notes
Turn   | Place    | Note
-------+----------+-------------------------------------------
     0 | D:1      | tricornhat the Demonspawn Berserker began the quest for the Orb.
     0 | D:1      | Reached XP level 1. HP: 18/18 MP: 1/1
   819 | D:1      | Gained mutation: You have a pair of small horns on your head. [demonic ancestry]
   819 | D:1      | Reached XP level 2. HP: 24/24 MP: 2/2
   870 | D:1      | Reached skill level 3 in Maces & Flails
  1191 | D:2      | Noticed Ijyb
  1228 | D:2      | Killed Ijyb
  1228 | D:2      | Gained mutation: You have a pair of horns on your head. [demonic ancestry]
  1228 | D:2      | Reached XP level 3. HP: 6/29 MP: 3/3
  1510 | D:2      | Found an opulent altar of Gozag.
  1600 | D:2      | Noticed Terence
  1627 | D:2      | Killed Terence
  1627 | D:2      | Reached skill level 4 in Maces & Flails
  1627 | D:2      | Gained mutation: You sometimes gain a little power by taking damage. [demonic ancestry]
  1627 | D:2      | Reached XP level 4. HP: 13/37 MP: 4/4
  1987 | D:2      | Found a snail-covered altar of Cheibriados.
  2033 | D:2      | Reached ** piety under Trog
  2068 | D:2      | Noticed Sigmund
  2076 | D:2      | Killed Sigmund
  2076 | D:2      | Reached skill level 5 in Maces & Flails
  2076 | D:2      | Gained mutation: You sometimes gain power by taking damage. [demonic ancestry]
  2076 | D:2      | Reached XP level 5. HP: 11/42 MP: 5/5
  2082 | D:2      | HP: 1/42 [poisoned by Sigmund]
  2083 | D:2      | Succumbed to Sigmund's poison

Skill      XL: |  1  2  3  4 |
---------------+-------------+-----
Maces & Flails | 3 4 5 |  5.3
Fighting       | 4 |  4.1
Armour         | 2 |  2.0
Dodging        | |  1.8

Action                   |  1- 3 |  4- 6 || total
-------------------------+-------+-------++-------
Melee: Mace              |    86 |    15 ||   101
       Headbutt          |    11 |     1 ||    12
Invok: Berserk           |     1 |     1 ||     2
  Use: Potion            |       |     3 ||     3
 Stab: Sleeping          |     1 |       ||     1
  Eat: Chunk             |     2 |       ||     2
       Bread ration      |     1 |       ||     1
Armor: Animal skin       |    14 |       ||    14
       Scale mail        |       |     7 ||     7
Dodge: Dodged            |    51 |    10 ||    61
